 Dungeon Crawl Stone Soup version 0.28-a0-1632-g283549b12f (webtiles) character file.

Game seed: 6967002734108582500

156257 GordonOverkill the Executioner (level 17, -5/147 HPs)
             Began as a Barachi Wanderer on Jan 24, 2022.
             Was an Elder of Lugonu.
             Slain by a salamander (14 damage)
             ... on level 3 of the Snake Pit on Jan 25, 2022.
             The game lasted 01:16:59 (40545 turns).

GordonOverkill the Executioner (Barachi Wanderer)  Turns: 40545, Time: 01:16:59

Health: -5/147     AC: 32    Str: 27    XL:     17   Next: 67%
Magic:  32/32      EV: 14    Int: 10    God:    Lugonu [****..]
Gold:   3209       SH: 18    Dex: 16    Spells: 16/16 levels left

rFire   . . .      SeeInvis .   f - +8 demon trident (elec)
rCold   + . .      Faith    .   H - +0 tower shield
rNeg    + . .      Spirit   .   o - +3 scale mail of the Pink Corner {rPois rN+ Int-3 Slay+3}
rPois   +          Reflect  .   I - +2 helmet
rElec   .          Harm     .   u - +2 cloak
rCorr   +          Rampage  .   S - +2 pair of gloves
Will    +....                   v - +3 pair of boots of Cowardice {rC+ rCorr Str+9}
Stlth   ..........              e - amulet of regeneration
HPRegen 1.14/turn               w - ring of the Octopus King {MP+9 AC+1 EV+1 Str+1 Int+1 Dex+1}
MPRegen 0.23/turn               q - +4 ring of protection

@: slow
A: amphibious, clumsy 1, slowness 1, no stealth, inability to use devices, hated
by all, strong legs 2, +LOS, sense surroundings 1
a: Hop, Renounce Religion, Depart the Abyss, Bend Space, Banish, Corrupt


You were on level 3 of the Snake Pit.
You worshipped Lugonu.
Lugonu was greatly pleased with you.
You visited 4 branches of the dungeon, and saw 26 of its levels.
You visited the Abyss 4 times.
You also visited: Sewer and Ice Cave.

You collected 4324 gold pieces.
You spent 1115 gold pieces at shops.

Inventory:

Hand Weapons
 f - a +8 demon trident of electrocution (weapon)
Missiles
 a - 17 boomerangs
 s - 2 throwing nets (quivered)
Armour
 o - the +3 scale mail of the Pink Corner (worn) {rPois rN+ Int-3 Slay+3}
   (You found it on level 4 of the Dungeon)

   Int:       It affects your intelligence (-3).
   Slay:      It affects your accuracy & damage with ranged weapons and melee
   (+3).
   rPois:     It protects you from poison.
   rN:        It protects you from negative energy.
 u - a +2 cloak (worn)
 v - the +3 pair of boots of Cowardice (worn) {rC+ rCorr Str+9}
   (You found it on level 5 of the Dungeon)

   Str:       It affects your strength (+9).
   rC:        It protects you from cold.
   rCorr:     It protects you from acid and corrosion.
 H - a +0 tower shield (worn)
 I - a +2 helmet (worn)
 S - a +2 pair of gloves (worn)
Jewellery
 e - an amulet of regeneration (around neck)
 q - a +4 ring of protection (right hand)
 r - the ring of Fillami {Fire Str+6}
   (You found it on level 14 of the Dungeon)

   [ring of fire]

   It enhances your fire magic.
   Str:       It affects your strength (+6).
   rF:        It protects you from fire.
   rC:        It makes you vulnerable to cold.
 w - a ring of the Octopus King (left hand) {MP+9 AC+1 EV+1 Str+1 Int+1 Dex+1}
   (You found it on level 2 of the Orcish Mines)

   [ring of magical power]

   AC:        It affects your AC (+1).
   EV:        It affects your evasion (+1).
   Str:       It affects your strength (+1).
   Int:       It affects your intelligence (+1).
   Dex:       It affects your dexterity (+1).
   MP:        It affects your magic capacity (+9).
 y - a ring of protection from cold
 G - a ring of protection from fire
Scrolls
 i - a scroll of torment
 j - 2 scrolls of blinking
 k - 2 scrolls of teleportation
 l - 2 scrolls of vulnerability
 p - 6 scrolls of fear
 x - a scroll of fog
 B - 3 scrolls of holy word
 J - 4 scrolls of immolation
 L - 5 scrolls of amnesia
 M - a scroll of silence
 Q - 2 scrolls of enchant armour
Potions
 b - 4 potions of resistance
 c - a potion of haste
 d - 2 potions of heal wounds
 g - 3 potions of lignification
 h - 9 potions of flight
 m - 2 potions of brilliance
 n - 3 potions of cancellation
 t - 3 potions of curing
 z - 4 potions of magic
 E - 2 potions of attraction
 W - 2 potions of mutation
Miscellaneous
 T - a phial of floods


   Skills:
 - Level 17.0 Fighting
 + Level 21.0(21.4) Axes
 - Level 6.6(14.2) Polearms
 - Level 13.0 Armour
 - Level 10.0 Dodging
 + Level 12.1 Shields
 - Level 1.1 Unarmed Combat
 - Level 8.0 Invocations


You had 16 spell levels left.
You didn't know any spells.
Your spell library contained the following spells:

 Spells                   Type           Power      Damage    Failure   Level
 Shock                    Conj/Air       0%         1d3       98%         1
 Sting                    Tmut/Pois      0%         1d3       98%         1
 Corpse Rot               Necr/Air       0%         N/A       99%         2
 Ensorcelled Hibernation  Hex/Ice        0%         N/A       99%         2
 Passwall                 Tmut/Erth      0%         N/A       99%         2
 Poisonous Vapours        Pois/Air       0%         N/A       99%         2
 Portal Projectile        Hex/Tloc       0%         N/A       100%        3
 Stone Arrow              Conj/Erth      0%         3d7       100%        3
 Swiftness                Air            0%         N/A       100%        3
 Airstrike                Air            0%         N/A       100%        4
 Hailstorm                Conj/Ice       0%         3d3       100%        4
 Ice Form                 Ice/Tmut       0%         N/A       100%        4
 Leda's Liquefaction      Hex/Erth       0%         N/A       100%        4
 Olgreb's Toxic Radiance  Pois           0%         N/A       100%        4
 Borgnjor's Vile Clutch   Necr/Erth      0%         N/A       100%        5
 Lee's Rapid Deconstruct  Erth           0%         3d5*      100%        5
 Lightning Bolt           Conj/Air       0%         1d11      100%        5
 Starburst                Conj/Fire      0%         6d3       100%        6
 Statue Form              Tmut/Erth      0%         N/A       100%        6
 Lehudib's Crystal Spear  Conj/Erth      0%         10d2      100%        8
 Chain Lightning          Conj/Air       0%         N/A       100%        9
 Fire Storm               Conj/Fire      0%         5d1       100%        9
 Shatter                  Erth           0%         3d5*      100%        9
 Call Canine Familiar     Summ           Unusable   N/A       N/A         3
 Animate Armour           Summ/Erth      Unusable   N/A       N/A         4
 Animate Dead             Necr           Unusable   N/A       N/A         4
 Summon Lightning Spire   Summ/Air       Unusable   N/A       N/A         4
 Death Channel            Necr           Unusable   N/A       N/A         6
 Simulacrum               Ice/Necr       Unusable   N/A       N/A         6

Dungeon Overview and Level Annotations

Branches:
Dungeon (15/15)            Temple (0/1) D:5            Lair (6/6) D:8
 Shoals (0/4) Lair:3        Snake (3/4) Lair:4        Slime (0/5) Lair:6
    Orc (2/2) D:12            Elf (0/3) Orc:2        Vaults (0/5) D:13
 Depths (0/4) D:15          Sewer (visited)           IceCv (visited)

Altars:
Cheibriados
Elyvilon
Gozag
Makhleb
Nemelex Xobeh
Okawaru
Qazlal
Ru
Sif Muna
Trog
Uskayaw
Vehumet
Xom
Beogh
Jiyva

Shops:
D:7 *   D:8 [**   D:15 **   Orc:2 *([?   Snake:2 *

Annotations:
D:8 2 transporters, MacCMillion's ghost, novice TrMo
D:11 6 transporters
D:12 2 transporters, atomjack's ghost, novice DsIE
D:14 Roxanne


Innate Abilities, Weirdness & Mutations

You are amphibious.
You are clumsy. (Dex -2)
You cover ground slowly.
You cannot be stealthy.
You cannot study or use magical devices.
You are hated by all.
You can hop long distances.
You have an extended range of vision and can be seen from far away.
You passively map a small area around you.


Message History

The salamander misses you.
The salamander mystic gestures at you while chanting.
The lance of force hits you!
* * * LOW HITPOINT WARNING * * *
You are knocked back by the lance of force.
You slam into the stone wall!
You block the salamander's attack.
You impale the salamander mystic!!
The salamander mystic is almost dead.
You block the salamander mystic's attack.
The salamander hits you but does no damage.
The salamander mystic hits you with a +0 quarterstaff.
* * * LOW HITPOINT WARNING * * *
You are engulfed in flames!
* * * LOW HITPOINT WARNING * * *
Items here: )) [ †.
The salamander mystic points at the naga and mumbles some strange words.
The naga seems to speed up.
You see here an anaconda corpse.
You impale the salamander mystic!!
You kill the salamander mystic!
Lugonu accepts your kill. You block the salamander's attack.
The salamander hits you with a +0 glaive!!
* * * LOW HITPOINT WARNING * * *
You are engulfed in flames!
* * * LOW HITPOINT WARNING * * *
Items here: ))) [[ †.
You skewer the salamander like a kebab!!!
Lightning courses through the salamander!!
The salamander is almost dead.
You block the salamander's attack.
You feel much better.
The salamander hits you with a +0 glaive.
* * * LOW HITPOINT WARNING * * *
You are engulfed in flames!
* * * LOW HITPOINT WARNING * * *
The salamander hits you with a +0 glaive!!
* * * LOW HITPOINT WARNING * * *
You are engulfed in flames!
You die...

.... #≈≈≈≈≈.≈ , ....###≈≈....
≈ ##### ** , ........... *
##.⌠(## *.........,, , ,
#.....# * #...... , #⌠)<.⌠#
#..... *** , , #.÷)..#
*#...#* ##.))## , #.N.#
####### ###)### ### #...##
##N@†..###.....###).
###N.#####.#####.#.#.÷.#)#)##
, ##.N##.'...(..##.#...#[#[..
##.N#.#...⌠...'.#.⌠.#[)... ,*
##...........#.#...#.#... *
##.##.#####.#.#...#)#.## , *
#.###.. .###....(###. *#.#
##### ,###+### ## , *..# *,,
**


You could see a salamander (fast, strong).

Vanquished Creatures
  2 tentacled starspawn (Abyss:3)
  A nagaraja (Snake:2)
  The ghost of Veteran the Destroyer, a journeyman DgCj (Snake:2)
  Aizul (Snake:2)
  Louise (D:14)
  A frost giant (IceCv)
  An orc warlord (Orc:1)
  The ghost of Loefaen the Protected, a journeyman HOFi (Orc:2)
  Nessos (D:13)
  The ghost of MacCMillion the Frost Mage, a journeyman MfIE of Elyvilon (Orc:1)
  The ghost of BearFiend the Unseen, a journeyman KoEn of Dithmenos (Orc:1)
  The ghost of Nyveap the Geomancer, a journeyman GrEE of Qazlal (D:14)
  A green death (Abyss:3)
  The ghost of nogo the Cleaver, a journeyman FoFi of Yredelemnul (Orc:1)
  An ettin (Orc:2)
  5 naga warriors
  Erolcha (Orc:1)
  Harold (Orc:1)
  13 hydras
  A rakshasa (D:15)
  The ghost of drclinical the Cleaver, a journeyman DsBr of Dithmenos (D:14)
  A salamander tyrant (Snake:2)
  5 anacondas
  2 ogre magi (Orc:2)
  A catoblepas (Lair:6)
  5 boulder beetles
  13 two-headed ogres
  4 centaur warriors
  15 death yaks
  A vampire mage (D:15)
  Urug (D:12)
  2 shock serpents
  A thrashing horror (Abyss:3)
  An orc high priest (Orc:2)
  4 naga sharpshooters
  5 salamander mystics
  2 skeletal warriors
  3 deep trolls
  A sea snake (Snake:3)
  2 large abominations (Abyss:2)
  4 naga ritualists
  An obsidian statue (Snake:2)
  Pikel (D:7)
  A wizard (Abyss:3)
  A necromancer (D:15)
  2 orc knights
  9 ugly things
  A wolf spider (D:14)
  A harpy (shapeshifter) (D:9)
  13 mana vipers
  7 cyclopes
  11 salamanders
  A sphinx skeleton (D:15)
  3 manticores
  2 fire giant zombies (D:15)
  8 elephants
  Joseph (D:7)
  An ice statue (IceCv)
  23 black mambas
  2 guardian serpents (Snake:3)
  10 naga magi
  2 smoke demons
  21 cane toads
  9 rime drakes
  An unseen horror (shapeshifter) (D:11)
  An unseen horror (D:13)
  An efreet (Abyss:4)
  8 komodo dragons
  A spriggan skeleton (D:15)
  2 freezing wraiths
  2 hellwings (Abyss:2)
  2 ice devils (D:13)
  8 polar bears
  13 trolls
  5 hornets (Lair:6)
  11 slime creatures
  3 raiju (Abyss:3)
  A dream sheep (Lair:6)
  35 blink frogs
  A snapping turtle (Lair:3)
  15 spriggans (Lair:6)
  2 wraiths
  14 humans (D:13)
  4 wyverns
  72 yaks
  3 ynoxinuls (Abyss:3)
  3 basilisks
  3 golden eyes (Abyss:3)
  2 steam dragons
  4 vampire mosquitoes (D:14)
  3 wargs
  Menkaure (D:6)
  An acid dragon (D:11)
  15 nagas
  16 water moccasins
  14 orc warriors
  A meliai simulacrum (D:10)
  An ice beast (D:7)
  6 black bears
  2 necrophages
  23 ogres
  4 boggarts (Lair:6)
  43 wolves
  11 centaurs
  A phantom (D:4)
  2 kobold brigands
  3 small abominations
  9 bullfrogs
  A water moccasin zombie (D:5)
  5 killer bees (D:10)
  A wight (Abyss:3)
  A howler monkey (D:12)
  3 centaur zombies
  2 jellies (D:5)
  A hound (D:5)
  2 bullfrog skeletons (D:4)
  9 orc priests
  An iron imp (Abyss:2)
  4 centaur skeletons
  5 iguanas
  18 orc wizards
  A hound skeleton (D:4)
  3 howler monkey zombies
  8 adders
  3 river rats (Sewer)
  A shadow imp (D:5)
  A white imp (D:8)
  An ufetubus (D:6)
  4 dart slugs
  2 worms
  49 orcs
  16 bats
  11 endoplasms
  5 giant cockroaches
  4 goblins
  9 hobgoblins
  2 jackals (Sewer)
  17 kobolds
  5 quokkas
  18 ball pythons
  2 frilled lizards
  A jackal skeleton (D:4)
  10 rats
  2 starspawn tentacles (Abyss:3)
843 creatures vanquished.

Vanquished Creatures (others)
  A death yak (IceCv)
  A wizard (D:14)
  A slime creature (D:14)
  A yak (D:8)
  2 humans (D:13)
  An orc warrior (D:8)
  2 wolves
  A bullfrog (Lair:2)
  A wight (Abyss:3)
  A river rat (Sewer)
  A white imp (D:6)
  2 orcs
  2 kobolds (D:9)
  26 fungi
  43 plants
  12 starspawn tentacles (Abyss:3)
  5 withered plants
103 creatures vanquished.

Grand Total: 946 creatures vanquished

Notes
Turn   | Place    | Note
-------+----------+-------------------------------------------
     0 | D:1      | GordonOverkill the Barachi Wanderer began the quest for the
                  | Orb.
     0 | D:1      | GordonOverkill set off with the following items: a +0
                  | dagger, a scroll of teleportation, a +0 ring mail, a +2
                  | buckler
     0 | D:1      | Reached XP level 1. HP: 17/17 MP: 1/1
   295 | D:1      | Reached XP level 2. HP: 22/23 MP: 2/2
   728 | D:1      | Found a faded altar of an unknown god.
   916 | D:1      | Reached XP level 3. HP: 14/28 MP: 3/3
  1316 | D:1      | Prayed at the altar of an unknown god.
  1316 | D:1      | Became a worshipper of Ru the Awakened
  1334 | D:1      | Gained mutation: You are hated by all. [Ru sacrifice]
  1334 | D:1      | Reached * piety under Ru
  1334 | D:1      | Reached ** piety under Ru
  2153 | D:2      | Gained mutation: You passively map a small area around you.
                  | [potion of mutation]
  2153 | D:2      | Gained mutation: You are agile. (Dex +2) [potion of
                  | mutation]
  2157 | D:2      | Reached XP level 4. HP: 12/35 MP: 4/4
  2442 | D:2      | Reached skill level 1 in Axes
  2849 | D:2      | Identified the +0 ring mail of Boziebio {rCorr Int+2}
  3009 | D:3      | Found a shimmering blue altar of Sif Muna.
  3105 | D:2      | Reached skill level 2 in Axes
  3105 | D:2      | Reached XP level 5. HP: 36/42 MP: 5/5
  3143 | D:3      | Found a glowing drain.
  3154 | Sewer    | Entered a sewer
  3893 | Sewer    | HP: 2/42 [river rat (6)]
  4330 | D:3      | Found a burning altar of Makhleb.
  4350 | D:3      | Reached skill level 3 in Axes
  4957 | D:3      | Reached XP level 6. HP: 48/48 MP: 6/6
  5666 | D:4      | Gained mutation: You cannot be stealthy. [Ru sacrifice]
  5812 | D:4      | Identified the +3 scale mail of the Pink Corner {rPois rN+
                  | Int-3 Slay+3}
  5982 | D:4      | Found a radiant altar of Vehumet.
  5998 | D:4      | Reached skill level 4 in Axes
  6374 | D:4      | Reached skill level 5 in Fighting
  6374 | D:4      | Reached skill level 5 in Axes
  6374 | D:4      | Reached XP level 7. HP: 26/56 MP: 7/7
  6914 | D:5      | Entered Level 5 of the Dungeon
  7010 | D:5      | Reached skill level 6 in Axes
  7217 | D:5      | Reached XP level 8. HP: 64/64 MP: 8/8
  7245 | D:5      | Reached skill level 7 in Axes
  7536 | D:5      | Reached skill level 8 in Axes
  7792 | D:5      | Identified the +3 pair of boots of Cowardice {rC+ rCorr
                  | Str+9}
  7985 | D:5      | Found a staircase to the Ecumenical Temple.
  8192 | D:6      | Noticed a yak
  8192 | D:6      | Noticed a yak
  8192 | D:6      | Noticed a yak
  8192 | D:6      | Noticed a yak
  8192 | D:6      | Noticed a yak
  8192 | D:6      | Noticed a yak
  8289 | D:5      | Killed a yak
  8290 | D:5      | Reached skill level 9 in Axes
  8382 | D:5      | Killed a yak
  8383 | D:5      | Reached skill level 10 in Axes
  8393 | D:5      | Killed a yak
  8394 | D:5      | Reached XP level 9. HP: 58/69 MP: 9/9
  8471 | D:5      | Reached skill level 11 in Axes
  8791 | D:6      | Noticed Menkaure
  8802 | D:6      | Killed Menkaure
  9319 | D:7      | Found Puomifi's General Store.
  9328 | D:7      | Bought a potion of heal wounds for 80 gold pieces
  9412 | D:6      | Reached skill level 12 in Axes
  9784 | D:7      | Noticed Pikel
  9794 | D:7      | Killed Pikel
  9795 | D:7      | Reached skill level 13 in Axes
  9902 | D:7      | Found a stormy altar of Qazlal.
  9903 | D:7      | Found a bloodstained altar of Trog.
  9903 | D:7      | Found a sacrificial altar of Ru.
  9903 | D:7      | Found a snail-covered altar of Cheibriados.
  9903 | D:7      | Noticed Joseph
  9919 | D:7      | Killed Joseph
  9920 | D:7      | Reached XP level 10. HP: 52/76 MP: 10/10
 10196 | D:8      | Found Cegoeqod's General Store.
 10227 | D:8      | Reached skill level 14 in Axes
 10443 | D:8      | Noticed a five-headed hydra
 10632 | D:8      | Found a shimmering altar of Xom.
 10682 | D:8      | Found Hapoteb's Antique Armour Emporium.
 10706 | D:8      | Found a transporter.
 10706 | D:8      | Noticed MacCMillion's ghost (novice TrMo)
 10752 | D:8      | Noticed a two-headed ogre
 10785 | D:8      | Killed a two-headed ogre
 10788 | D:8      | Reached skill level 5 in Armour
 10805 | D:8      | Noticed an elephant
 10917 | D:8      | Killed a five-headed hydra
 11006 | D:8      | Found Loocs's General Store.
 11043 | D:8      | Killed an elephant
 11120 | D:8      | Found a staircase to the Lair.
 11147 | D:8      | Reached XP level 11. HP: 86/86 MP: 14/14
 11167 | D:8      | Found a transporter.
 11595 | D:8      | Identified the +0 cloak "Osytask" {Dex+2}
 11983 | D:9      | Noticed a harpy
 11983 | D:9      | a hornet changed into a harpy
 11988 | D:9      | Killed a harpy
 12263 | D:10     | Entered Level 10 of the Dungeon
 12380 | D:10     | Reached skill level 5 in Invocations
 12400 | D:10     | Noticed a two-headed ogre
 12409 | D:10     | Killed a two-headed ogre
 12715 | D:10     | Found a sparkling altar of Nemelex Xobeh.
 12754 | D:10     | Noticed an eight-headed hydra
 12761 | D:10     | Killed an eight-headed hydra
 13386 | D:10     | Noticed a two-headed ogre
 13393 | D:10     | Killed a two-headed ogre
 13394 | D:10     | Reached skill level 10 in Armour
 13511 | D:11     | Found a transporter.
 13512 | D:11     | Found a transporter.
 13518 | D:11     | Noticed a boulder beetle
 13761 | D:11     | Killed a boulder beetle
 14003 | D:11     | Found a transporter.
 14004 | D:11     | Found a transporter.
 14112 | D:11     | Reached XP level 12. HP: 74/97 MP: 15/15
 14132 | D:11     | Reached skill level 10 in Fighting
 14399 | D:11     | Found a transporter.
 14406 | D:11     | Found a transporter.
 14694 | Lair:1   | Entered Level 1 of the Lair of Beasts
 14745 | D:8      | Reached skill level 5 in Dodging
 15115 | Lair:1   | Noticed an eight-headed hydra
 15127 | Lair:1   | Killed an eight-headed hydra
 15578 | Lair:1   | Reached skill level 15 in Axes
 15993 | Lair:2   | Noticed a death yak
 15994 | Lair:2   | Noticed a death yak
 15995 | Lair:2   | Noticed a death yak
 15995 | Lair:2   | Noticed a death yak
 15999 | Lair:2   | Noticed a death yak
 16006 | Lair:1   | Killed a death yak
 16670 | Lair:2   | Killed a death yak
 16933 | Lair:2   | Killed a death yak
 16970 | Lair:2   | Killed a death yak
 16981 | Lair:2   | Killed a death yak
 17736 | Lair:3   | Gained mutation: You can hop long distances. [Barachi
                  | growth]
 17736 | Lair:3   | Reached XP level 13. HP: 49/108 MP: 16/16
 18156 | Lair:3   | Reached skill level 16 in Axes
 18766 | Lair:3   | Found a staircase to the Shoals.
 19345 | Lair:4   | Reached skill level 17 in Axes
 19534 | Lair:4   | You fall into a shaft and drop 2 floors!
 19534 | Lair:6   | Entered Level 6 of the Lair of Beasts
 20005 | Lair:5   | Reached skill level 18 in Axes
 20753 | Lair:5   | Reached XP level 14. HP: 118/118 MP: 17/17
 21275 | Lair:4   | Found a staircase to the Snake Pit.
 23701 | Lair:6   | Found a staircase to the Slime Pits.
 23717 | Lair:6   | Lost mutation: You are agile. (Dex +2) [Ru sacrifice]
 23717 | Lair:6   | Gained mutation: You are clumsy. (Dex -2) [Ru sacrifice]
 23717 | Lair:6   | Reached *** piety under Ru
 23717 | Lair:6   | Reached **** piety under Ru
 23983 | Lair:6   | Reached skill level 15 in Fighting
 24076 | Lair:6   | Got the Compendium of Ashen Fire
 24493 | Lair:6   | Identified the +6 long sword of Tender Mercy {spect, rN+
                  | Will+ Dex-2}
 24550 | Lair:6   | Identified the +4 ring mail of Benevolence {rCorr Str+6
                  | Int-5 Dex+2}
 24847 | Lair:6   | Found an iron altar of Okawaru.
 25573 | D:12     | Found a stormy altar of Qazlal.
 25606 | D:12     | Found a staircase to the Orcish Mines.
 26002 | D:12     | Noticed atomjack's ghost (novice DsIE)
 26026 | D:12     | Found a transporter.
 26032 | D:12     | Found a transporter.
 26153 | D:12     | Reached XP level 15. HP: 112/130 MP: 19/19
 26242 | D:12     | Noticed Urug
 26258 | D:12     | Killed Urug
 26956 | D:13     | Found a frozen archway.
 27031 | IceCv    | Entered an ice cave
 27232 | IceCv    | Gained mutation: You cannot study or use magical devices.
                  | [Ru sacrifice]
 27232 | IceCv    | Reached ***** piety under Ru
 27688 | IceCv    | Noticed a frost giant
 27731 | IceCv    | Killed a frost giant
 28024 | IceCv    | Reached skill level 10 in Dodging
 29069 | D:13     | Found a hide-covered altar of Uskayaw.
 29089 | D:13     | Noticed Nessos
 29264 | D:13     | Killed Nessos
 29644 | D:13     | Found a gate to the Vaults.
 29918 | D:14     | Reached skill level 5 in Shields
 30138 | D:14     | Cast into level 2 of the Abyss (a wizard)
 30289 | Abyss:2  | Paralysed by accursed screaming for 2 turns
 30554 | Abyss:3  | Noticed a tentacled starspawn
 30562 | Abyss:3  | Noticed a tentacled starspawn
 30564 | Abyss:3  | Noticed a tentacled starspawn
 30571 | Abyss:3  | Killed a tentacled starspawn
 30574 | Abyss:3  | Killed a tentacled starspawn
 30593 | Abyss:3  | Noticed a tentacled starspawn
 30602 | Abyss:3  | Noticed a tentacled starspawn
 30622 | Abyss:4  | Found a corrupted altar of Lugonu.
 30680 | Abyss:4  | Fell from the grace of Ru
 30680 | Abyss:4  | Became a worshipper of Lugonu the Unformed
 30680 | Abyss:4  | Reached * piety under Lugonu
 30681 | D:14     | Escaped the Abyss
 31092 | D:14     | Noticed Nyveap's ghost (journeyman GrEE)
 31099 | D:14     | Noticed drclinical's ghost (journeyman DsBr)
 31112 | D:14     | Found a transporter.
 31141 | D:14     | Found a transporter.
 31294 | D:14     | Noticed Roxanne
 31627 | D:14     | Killed Nyveap's ghost
 31940 | D:14     | Killed drclinical's ghost
 32074 | D:14     | Identified the ring of Fillami {Fire Str+6}
 32082 | D:14     | Identified the +0 buckler of the Nine Dances {Rampage *Slow
                  | rPois Dex+6}
 32120 | D:15     | Entered Level 15 of the Dungeon
 32120 | D:15     | Noticed Louise
 32121 | D:15     | Cast into level 3 of the Abyss (Louise)
 32160 | D:15     | Escaped the Abyss
 32168 | D:15     | Found a staircase to the Depths.
 32360 | D:14     | Identified a scroll of acquirement
 32360 | D:14     | Acquired 1164 gold pieces
 32433 | Orc:1    | Entered Level 1 of the Orcish Mines
 32678 | Orc:2    | Entered Level 2 of the Orcish Mines
 32678 | Orc:2    | Found Wam Beexzu's Magic Scroll Boutique.
 33652 | Orc:2    | Found a runed translucent gate.
 33705 | Orc:1    | Noticed Harold
 33715 | Orc:1    | Killed Harold
 33716 | Orc:1    | Reached XP level 16. HP: 127/140 MP: 22/22
 33836 | Orc:1    | Noticed Erolcha
 33842 | Orc:1    | Killed Erolcha
 34568 | Orc:2    | Found a runed translucent gate.
 34569 | Orc:2    | Found a runed translucent gate.
 34586 | Orc:2    | Noticed BearFiend's ghost (journeyman KoEn)
 34587 | Orc:2    | Noticed Loefaen's ghost (journeyman HOFi)
 34587 | Orc:2    | Noticed MacCMillion's ghost (journeyman MfIE)
 34587 | Orc:2    | Noticed nogo's ghost (journeyman FoFi)
 34644 | Orc:2    | Found a staircase to the Elven Halls.
 34943 | Orc:1    | Reached skill level 19 in Axes
 35257 | Orc:2    | Paralysed by something for 6 turns
 35441 | Orc:2    | Reached ** piety under Lugonu
 35553 | Orc:2    | Found Iggimasmuv's Armour Shop.
 35568 | Orc:2    | Found Zolutoyr's Antique Weapon Shoppe.
 35800 | Orc:2    | Found Tuta Haf's Assorted Antiques.
 35842 | Orc:2    | Bought a runed brass amulet for 185 gold pieces
 36303 | Orc:2    | Found the ring of the Octopus King
 36376 | D:10     | Upgraded the game from 0.28-a0-1629-gf728b707aa to
                  | 0.28-a0-1632-g283549b12f
 36466 | D:15     | Cast into level 3 of the Abyss (Louise)
 36466 | Abyss:3  | Found a corrupted altar of Lugonu.
 36508 | D:15     | Escaped the Abyss
 36527 | D:14     | Cast into level 2 of the Abyss (Louise)
 36528 | D:14     | Escaped the Abyss
 36536 | D:14     | Killed Louise
 36774 | D:14     | Reached skill level 1 in Polearms
 36902 | D:15     | Found Sarieguane's Assorted Antiques.
 36955 | D:15     | Bought a potion of haste for 340 gold pieces
 36955 | D:15     | Bought a potion of lignification for 102 gold pieces
 37332 | D:15     | Found Jittus's Assorted Antiques.
 37361 | D:15     | Bought a scroll of teleportation for 96 gold pieces
 37361 | D:15     | Bought a potion of curing for 96 gold pieces
 37761 | Orc:1    | Killed MacCMillion's ghost
 37774 | Orc:1    | Killed nogo's ghost
 37804 | Orc:1    | Killed BearFiend's ghost
 37834 | Orc:2    | Killed Loefaen's ghost
 37854 | Orc:2    | Identified a ring of the Octopus King {MP+9 AC+1 EV+1 Str+1
                  | Int+1 Dex+1}
 38063 | Snake:1  | Entered Level 1 of the Snake Pit
 38318 | Snake:1  | Reached skill level 20 in Axes
 38342 | Snake:1  | Reached skill level 10 in Shields
 38354 | Snake:1  | Reached skill level 5 in Polearms
 38390 | Snake:1  | Reached XP level 17. HP: 82/147 MP: 23/23
 38420 | Snake:1  | Reached *** piety under Lugonu
 38878 | Snake:1  | Found a white marble altar of Elyvilon.
 39250 | Snake:2  | Found a snail-covered altar of Cheibriados.
 39414 | Snake:2  | Noticed Aizul
 39429 | Snake:2  | Killed Aizul
 39639 | Snake:2  | Found a runed translucent gate.
 39640 | Snake:2  | Found a runed translucent gate.
 39642 | Snake:2  | Found an opulent altar of Gozag.
 39643 | Snake:2  | Found a runed translucent gate.
 39644 | Snake:2  | Found Mola Sics's Assorted Antiques.
 39644 | Snake:2  | Noticed Veteran's ghost (journeyman DgCj)
 39884 | Snake:2  | Killed Veteran's ghost
 40123 | Snake:2  | Bought a scroll of teleportation for 108 gold pieces
 40123 | Snake:2  | Bought a potion of curing for 108 gold pieces
 40211 | Snake:3  | Reached **** piety under Lugonu
 40522 | Snake:3  | Reached skill level 21 in Axes
 40545 | Snake:3  | Slain by a salamander

Illustrated notes

Levels and vault maps discovered:
D:1:      lemuel_arrival_rhombus, layout_loops_corners, basic_ecumenical_altar
D:2:      layout_rooms, minmay_split_cup_large
D:3:      layout_rooms, lemuel_blue_sif_altar, bloody_makhleb,
          portal_sewer_entry_b, dk_vineyard_3, guppyfry_early_orc_mine
D:4:      minmay_diamond_boxcup, layout_basic, lemuel_doored_altar
D:5:      nicolae_cairo_tiling_very_big, layout_basic, temple_hall,
          small_statue_alley_b
D:6:      layout_rooms, uniq_menkaure
D:7:      layout_rooms, chequers_temple_overflow_statue_of_worship,
          serial_shops, shop, uniq_joseph, uniq_pikel
D:8:      layout_basic, nicolae_overflow_crystal_walls, david_lair_generic,
          serial_shops, shop, nicolae_take_the_stairs,
          nicolae_shop_hallway_plus, gammafunk_ghost_stat_death,
          grunt_tough_drop
D:9:      layout_big_octagon
D:10:     layout_basic, mainiacjoe_overflow_small_starburst,
          hangedman_weighted_door, feat_on_display
D:11:     layout_basic, serial_nicolae_subway, nicolae_sub_station_crystal,
          nicolae_sub_station_stone, nicolae_sub_station_metal
D:12:     layout_basic, minmay_orc_entry_guard_dogs, gammafunk_ghost_hive,
          nicolae_qazlal_general_emergency, uniq_urug
D:13:     layout_rooms, david_vaults_3, portal_ice_cave_demonic_guard,
          nicolae_uskayaw_dance_hall
D:14:     layout_loops_ring, nzn_ghost_randoct, minivault_24,
          minmay_tree_intersection, uniq_roxanne
D:15:     gammafunk_depths_entry_grave, layout_cave_pools, serial_shops,
          nicolae_shop_trees, shop, uniq_louise
Lair:1:   layout_roguey
Lair:2:   layout_layer_cave
Lair:3:   layout_misc_corridors, minmay_shoals_entry_hut, st_stairs_8,
          grunt_megastairs_2
Lair:4:   layout_cave_pods, dummy_snake_entry
Lair:5:   layout_regular_city, nzn_random_ring
Lair:6:   minmay_lair_end_enchanted_forest, layout_regular_city, slime_altar_1,
          basic_altar
Snake:1:  layout_chambers, basic_altar
Snake:2:  layout_rooms, basic_altar, ebering_ghost_gozag, uniq_aizul
Snake:3:  layout_layer_cave, minmay_shop_star, serial_bayou_shore_a,
          grunt_megastairs_1, uniq_vashnia
Orc:1:    layout_caves, uniq_harold, uniq_erolcha
Orc:2:    st_orc_open, layout_caves, gammafunk_ghost_cemetery,
          nicolae_orc_lost_temple

Skill      XL: |  1  2  3  4  5  6  7  8  9 10 11 12 13 14 15 16 17 |
---------------+----------------------------------------------------+-----
Fighting       | 3 4 5 6 8 9 12 13 15 16 17 | 17.0
Armour         | 3 6 10 11 13 | 13.0
Dodging        | 2 4 7 8 9 10 | 10.0
Shields        | 3 4 6 10 12 | 12.1
Axes           | 2 3 5 6 10 13 14 15 18 20 21 | 21.0
Stealth        | 0 |  0.0
Invocations    | 4 5 6 8 |  8.0
Polearms       | 5 6 |  6.6
Unarmed Combat | |  1.1

Action                   |  1- 3 |  4- 6 |  7- 9 | 10-12 | 13-15 | 16-18 || total
-------------------------+-------+-------+-------+-------+-------+-------++-------
Melee: Dagger            |   258 |       |       |       |       |       ||   258
       Hand axe          |    27 |   387 |    24 |       |       |       ||   438
       Trident           |       |       |   172 |   648 |  2049 |   278 ||  3147
       Demon trident     |       |       |       |       |       |   711 ||   711
Throw: Throwing net      |       |       |       |     2 |       |     1 ||     3
Invok: Sacrifice Love    |     1 |       |       |       |       |       ||     1
       Sacrifice Stealth |       |     1 |       |       |       |       ||     1
       Reject Sacrifices |       |       |     1 |     1 |       |       ||     2
       Sacrifice Purity  |       |       |       |       |     1 |       ||     1
       Depart the Abyss  |       |       |       |       |     1 |     2 ||     3
       Apocalypse        |       |       |       |       |     1 |       ||     1
       Sacrifice Artific |       |       |       |       |     1 |       ||     1
 Abil: Hop               |     2 |       |       |     2 |     6 |     2 ||    12
Evoke: Wand              |       |       |     4 |    22 |     4 |       ||    30
  Use: Potion            |     4 |     1 |     2 |     1 |    16 |     4 ||    28
       Scroll            |       |    11 |     1 |     7 |    15 |     6 ||    40
 Stab: Sleeping          |     2 |     3 |       |       |       |       ||     5
       Distracted        |       |     1 |     3 |     3 |    10 |       ||    17
       Paralysed         |       |       |       |     6 |     2 |       ||     8
       Petrified         |       |       |       |       |     5 |       ||     5
       Invisible         |       |       |       |       |     7 |     4 ||    11
Armor: Ring mail         |   151 |    75 |       |       |       |       ||   226
       Skin              |     1 |       |       |       |       |       ||     1
       Scale mail        |       |    35 |    85 |   267 |  1171 |   441 ||  1999
Dodge: Dodged            |   143 |   187 |    70 |   223 |  1294 |   366 ||  2283
Block: Buckler           |   116 |   135 |    77 |   197 |   539 |       ||  1064
       Tower shield      |       |       |       |       |   583 |   905 ||  1488

Table legend: (Time is in decaauts)
 A = Elapsed time spent in this place.
 B = Non-inter-level travel time spent in this place.
 C = Inter-level travel time spent in this place.
 D = Time resting spent in this place.
 E = Time spent auto-exploring this place.
 F = Levels seen in this place.
 G = Mean time per level.
                   A        B        C        D        E       F      G
               +--------+--------+--------+--------+--------+-----+--------+
         Total |  44143 |  41680 |   2463 |  13952 |  17894 |  34 | 1298.3 |
       Dungeon |  22596 |  20829 |   1767 |   6762 |   9403 |  15 | 1506.4 |
          Lair |  11443 |  10927 |    516 |   3238 |   5539 |   6 | 1907.2 |
     Snake Pit |   2748 |   2643 |    105 |    430 |   1325 |   3 |  916.0 |
  Orcish Mines |   4105 |   4031 |     74 |   1901 |   1151 |   2 | 2052.5 |
         Abyss |    660 |    660 |      0 |    255 |      0 |   6 |  110.0 |
         Sewer |   1202 |   1202 |      0 |    587 |    291 |   1 | 1202.0 |
      Ice Cave |   1386 |   1386 |      0 |    776 |    183 |   1 | 1386.0 |
               +--------+--------+--------+--------+--------+-----+--------+

Top non-repeatable levels by time:
  Lair:5: 2828 daAuts
    D:14: 2719 daAuts
   Orc:1: 2341 daAuts
  Lair:6: 2236 daAuts
  Lair:2: 2001 daAuts
    D:12: 1910 daAuts
     D:4: 1864 daAuts
     D:8: 1830 daAuts
   Orc:2: 1763 daAuts
     D:1: 1740 daAuts
     D:5: 1718 daAuts
    D:13: 1671 daAuts
  Lair:3: 1552 daAuts
    D:10: 1473 daAuts
     D:2: 1467 daAuts
